 Dungeon Crawl Stone Soup version 0.30-a0-122-g2a1322497e (webtiles) character file.

Game seed: 17275591124828119258

47 tilp the Grave Robber (level 3, 0/26 HPs)
             Began as a Mummy Necromancer on Sept 15, 2022.
             Slain by a goblin
             ... wielding a +0 club
             ... led by Robin
              (3 damage)
             ... on level 1 of the Dungeon.
             The game lasted 00:02:46 (1619 turns).

tilp the Grave Robber (Mummy Necromancer)           Turns: 1619, Time: 00:02:46

Health: 0/26       AC:  2    Str: 11    XL:     3   Next: 48%
Magic:  0/7        EV: 12    Int: 16    God:
Gold:   59         SH:  0    Dex: 12    Spells: 4/8 levels left

rFire   x . .      SeeInvis .    a - +0 dagger
rCold   + . .      Faith    +    (no shield)
rNeg    + + +      Spirit   .    c - +0 robe
rPois   ∞          Reflect  .    (no helmet)
rElec   .          Harm     .    (no cloak)
rCorr   .          Rampage  .    (no gloves)
Will    .....                    (no boots)
Stlth   ++........               (no amulet)
HPRegen 0.08/turn                (no ring)
MPRegen 0.10/turn                (no ring)

@: very slightly contaminated
A: cold resistance 1, negative energy resistance 3, torment resistance 2, heat
vulnerability 1, in touch with death 1, no potions, faith
a: no special abilities


You were on level 1 of the Dungeon.
You visited 1 branch of the dungeon, and saw 2 of its levels.

You collected 59 gold pieces.

Inventory:

Hand Weapons
 a - a +0 dagger (weapon)
Missiles
 d - 11 stones
Armour
 c - a +0 robe (worn)
Jewellery
 b - a ring of protection from cold


   Skills:
 * Level 1.5 Fighting
 + Level 1.8 Dodging
 + Level 1.9 Stealth
 - Level 3.0 Spellcasting
 * Level 4.4 Necromancy


You had 4 spell levels left.
You knew the following spells:

 Your Spells              Type           Power      Damage    Failure   Level
a - Necrotise             Necr           100%       1d9       3%          1
b - Vampiric Draining     Necr           25%        2d7       9%          3

Your spell library contained the following spells:

 Spells                   Type           Power      Damage    Failure   Level
 Animate Dead             Necr           25%        N/A       30%         4
 Agony                    Necr           25%        N/A       63%         5


Dungeon Overview and Level Annotations

Branches:
Dungeon (2/15)

Altars:

Annotations:
D:2 Robin


Innate Abilities, Weirdness & Mutations

You are immune to poison.
Your flesh is cold resistant. (rC+)
You are immune to negative energy. (rN+++)
You are immune to unholy pain and torment.
You are vulnerable to heat. (rF-)
You are in touch with the powers of death.
You do not drink.
You have a special connection with the divine. (Faith)


Message History

There is a stone staircase leading down here.
Unknown command.
Casting: Necrotise (safe; 3% risk of failure)
Confirm with . or Enter, or press ? or * to list all spells.
Aiming: Necrotise (safe; 3% risk of failure)
Press: ? - help, Shift-Dir - straight line, f - goblin
Aim: a goblin, wielding a +0 club (strong, chance to affect: 93%)
You feel a surge of power!
The goblin writhes in agony!
You kill the goblin!
The dead are walking!
The goblin closely misses you.
Unknown command.
Casting: Necrotise (safe; 3% risk of failure)
Confirm with . or Enter, or press ? or * to list all spells.
Aiming: Necrotise (safe; 3% risk of failure)
Press: ? - help, Shift-Dir - straight line, f - goblin
Aim: a goblin, wielding a +0 club and wearing a +0 ring mail (strong, ally target, chance to affect: 93%)
You feel a surge of power!
You miscast Necrotise.
You are very lightly contaminated with residual magic.
Nothing appears to happen.
The goblin barely misses you.
Unknown command.
You closely miss the goblin.
Your goblin skeleton hits the goblin but does no damage.
The goblin hits you but does no damage.
Unknown command.
You hit the goblin but do no damage.
Your goblin skeleton closely misses the goblin.
The goblin misses you.
You closely miss the goblin.
Your goblin skeleton barely misses the goblin.
The goblin hits you with a +0 club.
* * * LOW HITPOINT WARNING * * *
Unknown command.
You closely miss the goblin.
Your goblin skeleton hits the goblin but does no damage.
The goblin hits you but does no damage.
Unknown command.
You aren't carrying any scrolls.
Unknown command.
You closely miss the goblin. The goblin hits you with a +0 club.
You die...

#.......### #.###.#...#
#.###.#.#.#
#######.#.#.#.#.##
#.......#.#.#.#..#
#.......#........#
#.............#..#
###..........[..#..#
.........^......@).#
#####.###.....#.g#.#######
#####.# #......Z.........#
....#.###..#.##..#.#####.#
.##.#......#.##..#.#####.##
.##.####...#.##..#........#
......##...#.....##########
.....####..#####.####
###'.####...........#


You could see a goblin (strong, ally target) and a friendly goblin skeleton.

Vanquished Creatures
  A worm (D:2)
  2 dart slugs
  2 endoplasms (D:1)
  A giant cockroach (D:2)
  5 hobgoblins
  4 jackals (D:2)
  3 quokkas (D:1)
  4 ball pythons
  A bat (D:1)
  4 goblins
  2 kobolds (D:1)
  A rat (D:1)
30 creatures vanquished.

Vanquished Creatures (collateral kills)
  A goblin (D:2)
  2 hobgoblins
  A kobold (D:2)
4 creatures vanquished.

Grand Total: 34 creatures vanquished

Notes
Turn   | Place    | Note
-------+----------+-------------------------------------------
     0 | D:1      | tilp the Mummy Necromancer began the quest for the Orb.
     0 | D:1      | Reached XP level 1. HP: 13/13 MP: 4/4
   267 | D:1      | Reached XP level 2. HP: 20/20 MP: 1/5
   550 | D:1      | Reached skill level 1 in Fighting
   758 | D:1      | Found a faded altar of an unknown god.
  1128 | D:2      | Gained mutation: You are in touch with the powers of death.
                  | [Mummy growth]
  1128 | D:2      | Reached XP level 3. HP: 12/26 MP: 0/7
  1135 | D:2      | Learned a level 3 spell: Vampiric Draining
  1451 | D:2      | Noticed Robin
  1619 | D:1      | Slain by a goblin

Illustrated notes

Levels and vault maps discovered:
D:1:      lemuel_arrival_rhombus, layout_basic, basic_ecumenical_altar,
          minivault_11
D:2:      layout_basic, minmay_ruptured, uniq_robin

Skill      XL: |  1  2  3 |
---------------+----------+-----
Fighting       | 1 |  1.5
Spellcasting   | 3 |  3.0
Dodging        | |  1.8
Stealth        | |  1.9
Necromancy     | |  4.4

Action                   || total
-------------------------++-------
Melee: Unarmed           ||     1
       Dagger            ||    25
       Punch             ||     1
 Cast: Necrotise         ||    65
  Use: Scroll            ||     2
Armor: Robe              ||    12
Dodge: Dodged            ||    45

Table legend: (Time is in decaauts)
 A = Elapsed time spent in this place.
 B = Non-inter-level travel time spent in this place.
 C = Inter-level travel time spent in this place.
 D = Time resting spent in this place.
 E = Time spent auto-exploring this place.
 F = Levels seen in this place.
 G = Mean time per level.
                   A        B        C        D        E       F      G
               +--------+--------+--------+--------+--------+-----+--------+
         Total |   1618 |   1589 |     29 |    280 |   1051 |   2 |  809.0 |
       Dungeon |   1618 |   1589 |     29 |    280 |   1051 |   2 |  809.0 |
               +--------+--------+--------+--------+--------+-----+--------+

Top non-repeatable levels by time:
     D:1: 982 daAuts
     D:2: 636 daAuts
